 Dungeon Crawl Stone Soup version 0.20-b1-18-gaa2fd62 (webtiles) character file.

37 Monsterracer the Cudgeler (level 3, 0/21 HPs)
             Began as a Gargoyle Gladiator on May 24, 2017.
             Killed from afar by mike2R's ghost (1 damage)
             ... with a magic dart
             ... on level 3 of the Dungeon.
             The game lasted 00:02:51 (1605 turns).

Monsterracer the Cudgeler (Gargoyle Gladiator)      Turns: 1605, Time: 00:02:52

Health: 0/21       AC: 11    Str: 25    XL:     3   Next: 39%
Magic:  3/3        EV: 11    Int: 10    God:
Gold:   74         SH:  0    Dex: 13    Spells: 2/2 levels left

rFire    . . .     SeeInvis .   a - +0 flail
rCold    . . .     Gourm    .   (no shield)
rNeg     + . .     Faith    .   c - +0 scale mail
rPois    ∞         Spirit   .   i - +0 helmet
rElec    +         Reflect  .   (no cloak)
rCorr    +         Harm     .   m - +0 pair of gloves
MR       .....                  (no boots)
Stlth    ..........             (no amulet)
Regen    0.1/turn               b - ring of resist corrosion (curse)
MPRegen  0.1/turn               p - +5 ring of strength

@: no status effects
A: agile 1, clever 1, negative energy resistance 1, electricity resistance,
strong 1, unbreathing, petrification resistance, rot immunity, AC +3
a: no special abilities


You were on level 3 of the Dungeon.
You were not hungry.

You visited 1 branch of the dungeon, and saw 3 of its levels.

You collected 74 gold pieces.

Inventory:

Hand Weapons
 a - a +0 flail (weapon)
Missiles
 d - 3 throwing nets (quivered)
Armour
 c - a +0 scale mail (worn)
 i - a +0 helmet (worn)
 m - a +0 pair of gloves (worn)
Jewellery
 b - a cursed ring of resist corrosion (left hand)
 p - a +5 ring of strength (right hand)
Scrolls
 e - a scroll of enchant weapon {unknown}
 h - 6 scrolls of identify {unknown}
 l - a scroll of teleportation {unknown}
 n - a scroll of immolation {unknown}
 o - a scroll of remove curse {unknown}
 q - a scroll of amnesia {unknown}
 r - a scroll of noise {unknown}
 u - a scroll of recharging {unknown}
Potions
 s - 2 potions of lignification
Comestibles
 f - a bread ration
 g - 5 fruits
 j - 2 meat rations
 k - 2 royal jellies
 t - 3 chunks of flesh


   Skills:
 - Level 2.1 Fighting
 + Level 4.3 Maces & Flails
 - Level 1.7 Throwing
 - Level 2.4 Dodging


You had 2 spell levels left.
You didn't know any spells.

Dungeon Overview and Level Annotations

Branches:
Dungeon (3/15)

Altars:

Annotations:
D:3 mike2R's ghost, amateur DrCj


Innate Abilities, Weirdness & Mutations

You are resistant to torment.
Your stone body is resilient. (AC +3)
You are immune to poison.
You resist negative energy. (rN+)
You are resistant to electric shocks. (rElec)
You can survive without breathing.
You are immune to petrification.
You are immune to rotting.
You are agile. (Dex +2)
Your mind is acute. (Int +2)
Your muscles are strong. (Str +2)


Message History

There are no items here.
There is an open door here.
Mike2R's ghost points at you and mumbles some strange words.
The magic dart hits you!
Mike2R's ghost gestures at you while chanting.
The magic dart hits you!
Mike2R's ghost points at you and mumbles some strange words.
The magic dart hits you!
Mike2R's ghost gestures at you while chanting.
The magic dart hits you!
There is a large open door here.
You open the large door. Mike2R's ghost casts a spell at you.
The magic dart hits you!
Mike2R's ghost gestures at you while chanting.
The magic dart hits you!
* * * LOW HITPOINT WARNING * * *
Mike2R's ghost gestures at you while chanting.
The magic dart hits you!
You die...

##### ....#######
#.........#
#.........#########
#.........##......#
#.........##....@.#
#.........##......#
###'########......#
....W.....##......#
..........##......#
.......W..##......#
....[.....'W......#
..........##......#
...........#......#


You could see mike2R's ghost.

Vanquished Creatures
  2 dart slugs
  A leopard gecko (D:1)
  4 bats (D:2)
  2 giant cockroaches
  6 goblins
  6 hobgoblins
  A jackal (D:1)
  2 kobolds (D:1)
  A frilled lizard (D:2)
  A rat (D:2)
26 creatures vanquished.

Notes
Turn   | Place    | Note
-------+----------+-------------------------------------------
     0 | D:1      | Monsterracer the Gargoyle Gladiator began the quest for the Orb.
     0 | D:1      | Reached XP level 1. HP: 12/12 MP: 1/1
   174 | D:1      | Reached XP level 2. HP: 10/17 MP: 2/2
   904 | D:2      | Reached skill level 4 in Maces & Flails
   952 | D:2      | Found a faded altar of an unknown god.
  1012 | D:2      | Reached XP level 3. HP: 21/21 MP: 3/3
  1227 | D:2      | Gained mutation: Your muscles are strong. (Str +2) [potion of mutation]
  1227 | D:2      | Gained mutation: Your mind is acute. (Int +2) [potion of mutation]
  1227 | D:2      | Gained mutation: You are agile. (Dex +2) [potion of mutation]
  1541 | D:3      | Noticed mike2R's ghost (amateur DrCj)
  1602 | D:3      | HP: 1/21 [mike2R's ghost/magic dart (8)]
  1605 | D:3      | Killed from afar by mike2R's ghost

Skill      XL: |  1  2 |
---------------+-------+-----
Maces & Flails | 4 |  4.3
Fighting       | |  2.1
Throwing       | |  1.7
Dodging        | |  2.4

Action                   || total
-------------------------++-------
Melee: Flail             ||    81
  Use: Potion            ||     4
  Eat: Chunk             ||     2
Armor: Leather armour    ||    15
       Scale mail        ||    35
Dodge: Dodged            ||    61
